 Dungeon Crawl Stone Soup version 0.30-a0-1075-gcd70e7a56d (webtiles) character file.

Game seed: 14068233919944911258

668 bmack86 the Chopper (level 7, -1/57 (61) HPs)
             Began as a Minotaur Fighter on Apr 14, 2023.
             Was an Initiate of Okawaru.
             Slain by a gnoll
             ... wielding a +0 flail
             ... led by a gnoll bouda
              (3 damage)
             ... on level 5 of the Dungeon.
             The game lasted 00:11:31 (3574 turns).

bmack86 the Chopper (Minotaur Fighter)              Turns: 3574, Time: 00:11:32

HP:   -1/57 (61)    AC: 12    Str: 23    XL:     7   Next: 32%
MP:   6/6           EV:  6    Int:  5    God:    Okawaru [......]
Gold: 153           SH:  0    Dex:  9    Spells: 6/6 levels left

rFire   . . .      SeeInvis .    s - +2 broad axe (flame)
rCold   . . .      Faith    +    c - +0 buckler
rNeg    . . .      Spirit   .    q - +0 plate armour
rPois   .          Reflect  .    (helmet restricted)
rElec   .          Rampage  .    (no cloak)
rCorr   .                        (no gloves)
Will    .....                    (no boots) Stlth
                                 C - amulet of faith
HPRegen 0.29/turn                (no ring)
MPRegen 0.10/turn                (no ring)

@: confused, lethally poisoned (-1 -> -21), weakened, drained
A: horns 2, retaliatory headbutt
a: Renounce Religion


You were on level 5 of the Dungeon.
You worshipped Okawaru.
Okawaru was noncommittal.
You visited 2 branches of the dungeon, and saw 6 of its levels.

You collected 307 gold pieces.
You spent 154 gold pieces at shops.

Inventory:

Hand Weapons
 a - a +0 war axe of electrocution
 s - a +2 broad axe of flaming (weapon)
Missiles
 v - 2 javelins
 w - 5 poisoned darts
 E - 6 boomerangs (quivered)
Armour
 b - a +0 scale mail
 c - a +0 buckler (worn)
 n - a +0 chain mail
 q - a +0 plate armour (worn)
Jewellery
 y - an amulet of magic regeneration
 C - an amulet of faith (around neck)
Wands
 p - a wand of iceblast (6)
 A - a wand of flame (20)
Scrolls
 f - a scroll of identify
 j - 3 scrolls of teleportation
 B - a scroll of magic mapping
 D - a scroll of noise {unknown}
Potions
 d - 3 potions of might
 e - a potion of heal wounds
 g - a potion of curing
 k - a potion of flight {unknown}
 l - a potion of ambrosia {unknown}
 m - a potion of mutation {unknown}
 r - a potion of degeneration {unknown}
 u - 2 potions of haste
 x - 2 potions of lignification {unknown}
 z - a potion of invisibility {unknown}


   Skills:
 + Level 5.3 Fighting
 * Level 6.2 Axes
 + Level 2.0 Throwing
 + Level 5.4 Armour
 + Level 5.5 Shields
 + Level 0.6 Invocations


You had 6 spell levels left.
You didn't know any spells.
Your spell library contained the following spells:

 Spells                   Type           Power      Damage    Failure   Level
 Slow                     Hex            0%         N/A       100%        1
 Lesser Beckoning         Tloc           0%         N/A       100%        2
 Confusing Touch          Hex            0%         N/A       100%        3
 Gell's Gravitas          Tloc           0%         N/A       100%        3
 Teleport Other           Tloc           0%         N/A       100%        3
 Vampiric Draining        Necr           0%         2d6       100%        3
 Borgnjor's Revivificati  Necr           0%         N/A       100%        8
 Necromutation            Tmut/Necr      0%         N/A       100%        8
 Death's Door             Necr           0%         N/A       100%        9


Dungeon Overview and Level Annotations

Branches:
Dungeon (5/15)             Temple (1/1) D:5

Altars:
Ashenzari
Cheibriados
Dithmenos
Elyvilon
Fedhas
Hepliaklqana
Kikubaaqudgha
Makhleb
Nemelex Xobeh
Okawaru
Qazlal
Ru
Sif Muna
Trog
Uskayaw
Vehumet
Wu Jian
Xom
Yredelemnul
Zin

Shops:
D:1 *(!


Innate Abilities, Weirdness & Mutations

You have a pair of horns on your head.
You reflexively headbutt those who attack you in melee.


Message History

The gnoll bouda barely misses you. You block something's attack.
The gnoll hits you but does no damage.
You are more poisoned.
You feel better. The gnoll hits you but does no damage.
The gnoll hits you with a +0 flail.
The gnoll bouda gazes fiercely through you!
You feel as though you will be weak longer.
The gnoll bouda hits you with a +0 club.
You hear some strange, mumbled words.
You are confused.
The gnoll closely misses you. Something hits you but does no damage.
The gnoll hits you with a +0 whip. The gnoll hits you but does no damage.
The gnoll bouda hits you but does no damage.
You hear some strange, mumbled words.
A puff of flame appears from out of thin air!
The puff of flame hits you.
Things that are here:
a +0 spear; a +0 ring mail; a +0 kite shield The gnoll hits you but does no damage.
The gnoll hits you from afar with a +1 spear of venom.
* * * LOW HITPOINT WARNING * * *
You are lethally poisoned!
You hear some strange, mumbled words.
You are more confused.
The gnoll bouda gazes fiercely through you!
You feel as though you will be weak longer.
Items here: )) ††.
You slash the gnoll bouda! You burn the gnoll bouda.
The gnoll bouda is almost dead.
You hit the gnoll. You burn the gnoll.
* * * LOW HITPOINT WARNING * * *
You feel very sick. The gnoll hits you with a +0 flail!
* * * LOW HITPOINT WARNING * * *
The gnoll hits you from afar with a +1 spear of venom.
* * * LOW HITPOINT WARNING * * *
You are more poisoned.
The gnoll hits you with a +0 flail.
You die...

,,,,,,,,,,,,,,,.##....# #.#
,,,,,,,,.,,,,,*.......# #.#
,,,,,,,,..,,,,**#.....# #.#
,,,,,,,,...,,** #.....# #.#
,,,,,,,,....######....# #.#
,,,,,,**..............# #.#
,,,,,,**.......)......## #.#
,,,,,***......ggg....).# #.#
,,,,,,,,......)g@)####'###.#
,,,,,,**...........#.....#.#
,,,,,,**...........#.⌠.⌠.#.#
,,,,,8**...........+..>†.'.#
,,,,,,**..........##.⌠.⌠.###
,,,8<∩,8..........##.....#
,,,,,,**#########..###+###
,,,,*8* *#.,,,,* ***,,,*
*******


You could see a gnoll bouda and 3 gnolls.

Vanquished Creatures
  A scorpion (D:5)
  A gnoll sergeant (D:5)
  4 hounds
  2 jellies (D:4)
  An orc priest (D:4)
  2 iguanas
  2 orc wizards
  11 adders
  4 gnolls (D:5)
  A worm (D:2)
  A dart slug (D:1)
  13 orcs
  8 endoplasms
  3 giant cockroaches
  7 hobgoblins
  4 jackals (D:3)
  7 kobolds
  6 ball pythons
  9 bats
  4 frilled lizards
  5 goblins
  5 rats
101 creatures vanquished.

Vanquished Creatures (others)
  3 fungi
  2 plants (D:1)
5 creatures vanquished.

Grand Total: 106 creatures vanquished

Notes
Turn   | Place    | Note
-------+----------+-------------------------------------------
     0 | D:1      | bmack86 the Minotaur Fighter began the quest for the Orb.
     0 | D:1      | Reached XP level 1. HP: 19/19 MP: 0/0
    83 | D:1      | Found Anext's Distillery.
   165 | D:1      | Found Jadisuod's Antique Weapon Shoppe.
   196 | D:1      | Reached XP level 2. HP: 27/27 MP: 1/1
   448 | D:1      | Found a faded altar of an unknown god.
   492 | D:1      | Reached skill level 3 in Axes
   604 | D:1      | Found Aghiriun's General Store.
   856 | D:2      | Reached XP level 3. HP: 33/33 MP: 2/2
  1194 | D:2      | Reached XP level 4. HP: 40/40 MP: 3/3
  1424 | D:1      | Bought a runed broad axe for 154 gold pieces
  1495 | D:3      | Reached skill level 4 in Axes
  1610 | D:3      | Reached XP level 5. HP: 40/47 MP: 4/4
  1919 | D:3      | Identified the +8 long sword of Action {vamp, rPois Str+2
                  | Stlth-}
  1949 | D:3      | Found a burning altar of Makhleb.
  2411 | D:4      | Found a bloodstained altar of Trog.
  2434 | D:4      | Reached skill level 5 in Axes
  2434 | D:4      | Reached XP level 6. HP: 20/55 MP: 5/5
  2592 | D:4      | Reached skill level 1 in Throwing
  2753 | D:4      | Reached skill level 5 in Shields
  2815 | D:4      | Reached skill level 5 in Armour
  2830 | D:4      | Reached skill level 5 in Fighting
  2867 | D:4      | Found an ancient bone altar of Kikubaaqudgha.
  3324 | D:5      | Entered Level 5 of the Dungeon
  3435 | D:5      | Found a shadowy altar of Dithmenos.
  3461 | D:5      | Found a sparkling altar of Nemelex Xobeh.
  3514 | D:5      | Found a staircase to the Ecumenical Temple.
  3518 | D:5      | Reached XP level 7. HP: 61/61 MP: 6/6
  3521 | Temple   | Entered the Ecumenical Temple
  3531 | Temple   | Became a worshipper of Warmaster Okawaru
  3559 | D:5      | Reached skill level 6 in Axes
  3574 | D:5      | HP: 2/57 [gnoll/+1 spear of venom[a gnoll bouda] (1)]
  3574 | D:5      | Slain by a gnoll

Illustrated notes

Levels and vault maps discovered:
D:1:      saegor_arrival_fortress, layout_basic,
          shapermc_ecumenical_altar_ellora, serial_shops,
          nicolae_shop_advertising_works [nicolae_subvault_shop_adworks], shop,
          shop, minivault_19
D:2:      layout_rooms
D:3:      wander_river, layout_loops_cross, lightli_temple_of_fire
D:4:      minmay_chambers_of_threes, layout_gridville,
          mainiacjoe_overflow_swirl, dreamdust_princess_bridge
D:5:      layout_rooms, mainiacjoe_overflow_alcove_4,
          mainiacjoe_overflow_boulevard, minmay_temple_entry_hall, serial_shops,
          nicolae_shop_statue_plus, uniq_ijyb
Temple:   nicolae_temple_no_exploring_needed

Skill      XL: |  1  2  3  4  5  6  7 |
---------------+----------------------+-----
Axes           | 3 4 5 6 |  6.2
Shields        | 4 5 |  5.5
Fighting       | 4 5 |  5.3
Armour         | 4 5 |  5.4
Throwing       | 1 2 |  2.0
Invocations    | |  0.6

Action                     |  1- 3 |  4- 6 |  7- 9 || total
---------------------------+-------+-------+-------++-------
  Melee: War axe           |    68 |     6 |       ||    74
         Headbutt          |    10 |    12 |     2 ||    24
         Broad axe         |       |   118 |    15 ||   133
  Throw: Dart              |       |     1 |       ||     1
    Use: Scroll            |     1 |     9 |       ||    10
         Potion            |       |       |     2 ||     2
 Armour: Scale mail        |    30 |       |       ||    30
         Chain mail        |    10 |       |       ||    10
         Plate armour      |       |   121 |    28 ||   149
  Dodge: Dodged            |    38 |    48 |    14 ||   100
  Block: Buckler           |    11 |    29 |     5 ||    45

Table legend: (Time is in decaauts)
 A = Elapsed time spent in this place.
 B = Non-inter-level travel time spent in this place.
 C = Inter-level travel time spent in this place.
 D = Time resting spent in this place.
 E = Time spent auto-exploring this place.
 F = Levels seen in this place.
 G = Mean time per level.
                   A        B        C        D        E       F      G
               +--------+--------+--------+--------+--------+-----+--------+
         Total |   3681 |   3528 |    153 |    203 |   2085 |   6 |  613.5 |
       Dungeon |   3660 |   3507 |    153 |    203 |   2085 |   5 |  732.0 |
        Temple |     20 |     20 |      0 |      0 |      0 |   1 |   20.0 |
               +--------+--------+--------+--------+--------+-----+--------+

Top non-repeatable levels by time:
     D:4: 1019 daAuts
     D:1: 905 daAuts
     D:3: 893 daAuts
     D:2: 607 daAuts
     D:5: 235 daAuts
  Temple: 20 daAuts
